 Dungeon Sprint DCSS version 0.15-a0-1253-g15b4f57 (webtiles) character file.

36080 MDvedh the Slayer (level 13, -2/125 (135) HPs)
             Began as a Minotaur Berserker on June 4, 2014.
             Was an Elder of Trog.
             Slain by a Shadow Fiend (11 damage)
             ... in the Dungeon (Sprint I: "Red Sonja").
             The game lasted 00:22:55 (6679 turns).

MDvedh the Slayer (Minotaur Berserker)              Turns: 6679, Time: 00:22:55

HP  -2/125 (135) AC 17     Str 26 (27) XL: 13   Next: 51%
MP   5/5         EV  9     Int  4      God: Trog [****..]
Gold 1769        SH  0     Dex  7      Spells:  0 memorised, 12 levels left

rFire  + . .     SeeInvis +     u - +7,+8 eveningstar "Riggeub" {flame, MR+}
rCold  . . .     Rnd*Rage +     b - +5 chain mail "Pnol" {MR+}
rNeg   . . .     rCorr    .     (no shield)
rPois  +         rRot     .     (helmet restricted)
rElec  +         Spirit   .     q - -2 cloak of the Cuttlefish {rElec rF+ SInv}
SustAb .         Warding  .     (no gloves)
rMut   .         NoTele   +     (no boots)
Gourm  .                        (no amulet)
MR     ++...                    z - +1 ring of dexterity
                                p - ring of poison resistance

@: hasted, drained, very quick, very resistant to hostile enchantments,
extremely unstealthy
A: retaliatory headbutt, horns 2, berserk 1, blurry vision 1, clumsy 2, deformed
body, deterioration 1, frail 1, slow healing 1
a: Burn Spellbooks, Berserk, Trog's Hand, Brothers in Arms, Renounce Religion
0: Orb of Zot


You were in the Dungeon.
You worshipped Trog.
Trog was greatly pleased with you.
You were not hungry.

You visited 1 branch You collected 3983 gold pieces.
You spent 2214 gold pieces at shops.

Inventory:

Hand weapons
 a - a +0,+0 mace
 c - a +0,+9 morningstar of protection
 d - a +0,+5 antimagic dire flail
 u - the +7,+8 eveningstar "Riggeub" (weapon) {flame, MR+}
   (You bought it in a shop in the Dungeon)

   It emits flame when wielded, causing extra injury to most foes and up to
   double damage against particularly susceptible opponents.
   It affects your resistance to hostile enchantments.
Armour
 b - the +5 chain mail "Pnol" (worn) {MR+}
   (You bought it in a shop in the Dungeon)

   It affects your resistance to hostile enchantments.
 q - the cursed -2 cloak of the Cuttlefish (worn) {rElec rF+ SInv}
   (You bought it in a shop in the Dungeon)

   It protects you from fire.
   It insulates you from electricity.
   It enhances your eyesight.
   It has a curse placed upon it.
Magical devices
 r - a wand of teleportation (4)
Comestibles
 m - 3 meat rations
 n - a beef jerky
 o - a royal jelly
Scrolls
 i - 2 scrolls of blinking
 j - a scroll of magic mapping
 k - 4 scrolls of identify
 t - a scroll of recharging
 y - a scroll of enchant weapon II
Jewellery
 p - a ring of poison resistance (left hand)
 z - a +1 ring of dexterity (right hand)
Potions
 f - a potion of haste
 g - 2 potions of magic
 h - a potion of berserk rage
 s - 3 potions of curing
 v - a potion of agility


   Skills:
 + Level 24.6(24.2) Fighting
 + Level 20.7(20.3) Maces & Flails
 + Level 23.6(23.2) Armour
 - Level 2.1(1.9) Dodging


You had 12 spell levels left.
You didn't know any spells.

Dungeon Overview and Level Annotations

Branches:
Dungeon (1/1)

Altars:
Cheibriados
Dithmenos
Elyvilon
Fedhas
Gozag
Kikubaaqudgha
Makhleb
Nemelex Xobeh
Okawaru
Qazlal
Sif Muna
Trog
Vehumet
Xom
Yredelemnul
Zin
The Shining One
Jiyva

Shops:
D ?:[*?(:}}*!%%*=([[?[(:

Annotations:
D exclusion: oklob plant, Norris, Tiamat


Innate Abilities, Weirdness & Mutations

You reflexively headbutt those who attack you in melee.
You have a pair of horns on your head.
You tend to lose your temper in combat.
Your vision is a little blurry.
You are very clumsy. (Dex -4)
Armour fits poorly on your strangely shaped body.
Your body is slowly deteriorating.
You are frail (-10% HP).
You heal slowly when monsters are visible.


Message History

Your two-headed ogre dies!
Your two-headed ogre's corpse disappears in a puff of smoke!
The bolt of cold hits you! The Shadow Fiend hits you.
You writhe in agony.
* * * LOW HITPOINT WARNING * * *
The Shadow Fiend barely misses you.
The Shadow Fiend hits you but does no damage.
The Shadow Fiend hits you.
* * * LOW HITPOINT WARNING * * *
You writhe in agony.
* * * LOW HITPOINT WARNING * * *
The Shadow Fiend hits you but does no damage.
The Shadow Fiend hits you.
* * * LOW HITPOINT WARNING * * *
You feel drained.
Drink which item? (? for menu, Esc to quit)
You feel yourself speed up. The Shadow Fiend hits you!
* * * LOW HITPOINT WARNING * * *
You writhe in agony.
You die...

###,#≈≈≈≈##)...))##§..#
...,#≈≈≈≈≈########§§§)#
..####≈≈≈≈#≈≈≈≈≈#.§§§§#
..#..#%≈≈≈'≈≈.≈≈'.....#
.)#...##≈≈#≈((≈≈#≈≈≈..#
.§#....######(#####≈≈≈#
§§#....#≈≈≈≈≈≈≈≈≈≈##≈≈#
§.#######≈≈≈≈≈≈1≈≈≈≈≈≈#
§.§})#|.'...≈≈≈≈@≈≈#≈≈#
^^#G:'[}#........≈≈≈#≈#
#######################


You could see a Shadow Fiend.

Vanquished Creatures
  Lom Lobon (D)
  the Lernaean hydra (D)
  A golden dragon (D)
  An Orb Guardian (D)
  A shadow dragon (D)
  A fire giant (D)
  A lorocyproca (D)
  A hydra (D)
  2 centaur warriors (D)
  A lindwurm (D)
  7 unseen horrors (D)
  A deep troll (D)
  An oklob plant (D)
  A shining eye (D)
  2 mermaids (D)
  2 kobold demonologists (D)
  3 demonic crawlers (D)
  A hellwing (D)
  4 trapdoor spiders (D)
  A slime creature (D)
  A yak (D)
  13 hogs (D)
  An ogre (D)
  5 yellow wasps (D)
  7 necrophages (D)
  Sigmund (D)
  7 pulsating lumps (D)
  A jelly (D)
  Ijyb (D)
  4 giant eyeballs (D)
  3 ballistomycetes (D)
78 creatures vanquished.

Vanquished Creatures (collateral kills)
  3 fire giants (D)
  7 shining eyes (D)
  A gargoyle (D)
  A demonic crawler (D)
  3 giant eyeballs (D)
15 creatures vanquished.

Vanquished Creatures (others)
  A deep elf master archer (D)
  6 ball lightnings (D)
  A gargoyle (D)
  Sonja (D)
  3 two-headed ogres (D)
  6 golden eyes (D)
  3 ogres (D)
  2 giant spores (D)
23 creatures vanquished.

Grand Total: 116 creatures vanquished

Notes
Turn   | Place    | Note
--------------------------------------------------------------
     0 | D        | MDvedh, the Minotaur Berserker, began the quest for the Orb.
     0 | D        | Reached XP level 1. HP: 19/19 MP: 1/1
     1 | D        | Noticed Ijyb
     9 | D        | Killed Ijyb
     9 | D        | Reached skill level 7 in Maces & Flails
     9 | D        | Reached XP level 2. HP: 8/26 MP: 1/1
   233 | D        | Noticed an ogre
   237 | D        | Killed an ogre
   237 | D        | Reached skill level 11 in Maces & Flails
   237 | D        | Reached XP level 3. HP: 17/31 MP: 2/2
   237 | D        | Reached XP level 4. HP: 21/39 MP: 2/2
   418 | D        | Acquired Trog's second power
   427 | D        | Noticed Sigmund
   433 | D        | Killed Sigmund
   433 | D        | Reached skill level 13 in Maces & Flails
   433 | D        | Reached XP level 5. HP: 45/45 MP: 2/2
   521 | D        | Found a deep blue altar of Sif Muna.
   522 | D        | Noticed a jelly
   523 | D        | Found a radiant altar of Vehumet.
   528 | D        | Killed a jelly
   533 | D        | Noticed a centaur warrior
   537 | D        | Found Paesabb's Assorted Antiques.
   537 | D        | Found a white marble altar of Elyvilon.
   537 | D        | Found a stormy altar of Qazlal.
   537 | D        | Found a burning altar of Makhleb.
   537 | D        | Found a basalt altar of Yredelemnul.
   537 | D        | Found a glowing golden altar of the Shining One.
   537 | D        | Found a sparkling altar of Nemelex Xobeh.
   537 | D        | Found a shimmering altar of Xom.
   537 | D        | Found an opulent altar of Gozag.
   537 | D        | Found an ancient bone altar of Kikubaaqudgha.
   537 | D        | Found a glowing silver altar of Zin.
   537 | D        | Noticed a yak
   544 | D        | Killed a yak
   544 | D        | Reached skill level 14 in Maces & Flails
   544 | D        | Reached XP level 6. HP: 25/61 MP: 3/3
   564 | D        | Found an iron altar of Okawaru.
   576 | D        | Found a bloodstained altar of Trog.
   792 | D        | Found a viscous altar of Jiyva.
   792 | D        | Found a blossoming altar of Fedhas.
   792 | D        | Noticed a slime creature
   793 | D        | Found a snail-covered altar of Cheibriados.
   793 | D        | Found a shadowy altar of Dithmenos.
   800 | D        | Killed a slime creature
   800 | D        | Reached skill level 15 in Maces & Flails
   800 | D        | Reached XP level 7. HP: 36/70 MP: 3/3
  1035 | D        | Bought a transparent chain mail for 218 gold pieces
  1050 | D        | Identified the cursed +5 chain mail "Pnol" {MR+} (You bought it in a shop in the Dungeon)
  1067 | D        | Noticed a kobold demonologist
  1070 | D        | Noticed a kobold demonologist
  1071 | D        | Paralysed by a giant eyeball for 2 turns
  1073 | D        | Noticed a hellwing
  1075 | D        | Killed a kobold demonologist
  1080 | D        | Killed a kobold demonologist
  1080 | D        | Acquired Trog's third power
  1080 | D        | Reached XP level 8. HP: 83/83 MP: 3/3
  1132 | D        | Noticed a demonic crawler
  1132 | D        | Noticed a demonic crawler
  1132 | D        | Noticed a demonic crawler
  1132 | D        | Noticed a demonic crawler
  1142 | D        | Killed a demonic crawler
  1147 | D        | Killed a demonic crawler
  1147 | D        | Reached skill level 10 in Armour
  1155 | D        | Killed a demonic crawler
  1158 | D        | Killed a demonic crawler
  1365 | D        | Noticed a gargoyle
  1383 | D        | Killed a gargoyle
  1383 | D        | Reached XP level 9. HP: 52/96 MP: 4/4
  1390 | D        | Killed a gargoyle
  1572 | D        | Noticed a lindwurm
  1580 | D        | Killed a lindwurm
  1580 | D        | Reached skill level 15 in Fighting
  1587 | D        | Noticed a hog
  1587 | D        | Noticed a hog
  1587 | D        | Noticed a hog
  1587 | D        | Noticed a hog
  1587 | D        | Noticed a hog
  1589 | D        | Noticed a hog
  1590 | D        | Noticed a hog
  1590 | D        | Killed a hog
  1592 | D        | Killed a hog
  1595 | D        | Noticed a hog
  1596 | D        | Noticed a hog
  1596 | D        | Noticed a hog
  1597 | D        | Killed a hog
  1598 | D        | Noticed a hog
  1601 | D        | Killed a hog
  1603 | D        | Killed a hog
  1603 | D        | Reached skill level 16 in Fighting
  1607 | D        | Killed a hog
  1608 | D        | Noticed a hog
  1608 | D        | Killed a hog
  1610 | D        | Killed a hog
  1612 | D        | Killed a hog
  1616 | D        | Killed a hog
  1616 | D        | Received a gift from Trog
  1616 | D        | Reached XP level 10. HP: 110/110 MP: 4/4
  1618 | D        | Killed a hog
  1618 | D        | Reached skill level 15 in Armour
  1620 | D        | Killed a hog
  1620 | D        | Reached skill level 17 in Fighting
  1628 | D        | Noticed a hog
  1674 | D        | Killed a hog
  1677 | D        | Noticed a 12-headed hydra
  1682 | D        | Killed a 12-headed hydra
  1898 | D        | Noticed a shadow dragon
  1898 | D        | Noticed a golden dragon
  1907 | D        | Noticed a mermaid
  1908 | D        | Noticed a hellwing
  1912 | D        | Noticed a mermaid
  1914 | D        | Noticed a deep elf annihilator
  1917 | D        | Killed a mermaid
  1934 | D        | Killed a hellwing
  1934 | D        | Received a gift from Trog
  1934 | D        | Reached skill level 18 in Fighting
  1939 | D        | Killed a mermaid
  1980 | D        | Noticed a daeva
  1988 | D        | Killed an unseen horror
  1989 | D        | Killed an unseen horror
  1997 | D        | Noticed an unseen horror
  2004 | D        | Noticed an unseen horror
  2005 | D        | Killed an unseen horror
  2005 | D        | Reached skill level 19 in Fighting
  2011 | D        | Killed an unseen horror
  2011 | D        | Reached XP level 11. HP: 33/123 MP: 4/4
  2013 | D        | Noticed an unseen horror
  2017 | D        | Killed an unseen horror
  2185 | D        | Noticed a fire giant
  2186 | D        | Noticed a fire giant
  2187 | D        | Noticed a fire giant
  2197 | D        | Killed a fire giant
  2197 | D        | Received a gift from Trog
  2202 | D        | Killed a fire giant
  2202 | D        | Reached skill level 20 in Fighting
  2413 | D        | Killed a fire giant
  2544 | D        | Noticed a fire giant
  2552 | D        | Killed a fire giant
  2881 | D        | Noticed Norris
  2902 | D        | Killed a lorocyproca
  2902 | D        | Reached skill level 21 in Fighting
  3297 | D        | Lost intelligence.
  3410 | D        | Noticed a centaur warrior
  3415 | D        | Killed a centaur warrior
  3429 | D        | Killed a centaur warrior
  3505 | D        | Noticed a deep troll
  3507 | D        | Killed a deep troll
  3523 | D        | Found Weahu's Armour Emporium.
  3537 | D        | Noticed Sonja
  3550 | D        | Killed Sonja
  3695 | D        | Noticed a yellow wasp
  3696 | D        | Paralysed by a yellow wasp for 2 turns
  3697 | D        | Killed a yellow wasp
  3707 | D        | Noticed an oklob plant
  3716 | D        | Killed an oklob plant
  3789 | D        | Noticed a trapdoor spider
  3791 | D        | Killed a trapdoor spider
  3864 | D        | Noticed a trapdoor spider
  3867 | D        | Killed a trapdoor spider
  3872 | D        | Noticed a trapdoor spider
  3872 | D        | Noticed a trapdoor spider
  3874 | D        | Killed a trapdoor spider
  3876 | D        | Killed a trapdoor spider
  3876 | D        | Reached XP level 12. HP: 93/137 MP: 5/5
  3996 | D        | Noticed a pulsating lump
  3996 | D        | Noticed a pulsating lump
  3996 | D        | Noticed a pulsating lump
  3996 | D        | Noticed a pulsating lump
  3998 | D        | Noticed a pulsating lump
  3998 | D        | Noticed a pulsating lump
  3998 | D        | Noticed a pulsating lump
  4002 | D        | Killed a pulsating lump
  4005 | D        | Killed a pulsating lump
  4010 | D        | Killed a pulsating lump
  4010 | D        | Received a gift from Trog
  4011 | D        | Gained mutation: Your magical capacity is low (-10% MP). [pulsating lump's mutagenic touch]
  4019 | D        | Killed a pulsating lump
  4025 | D        | Killed a pulsating lump
  4032 | D        | Killed a pulsating lump
  4037 | D        | Killed a pulsating lump
  4039 | D        | Noticed a necrophage
  4040 | D        | Noticed a necrophage
  4040 | D        | Noticed a necrophage
  4043 | D        | Killed a necrophage
  4048 | D        | Killed a necrophage
  4050 | D        | Killed a necrophage
  4051 | D        | Noticed a necrophage
  4051 | D        | Noticed a necrophage
  4052 | D        | Noticed a necrophage
  4057 | D        | Killed a necrophage
  4059 | D        | Killed a necrophage
  4063 | D        | Killed a necrophage
  4106 | D        | Killed an unseen horror
  4124 | D        | Noticed a necrophage
  4132 | D        | Killed a necrophage
  4133 | D        | Found Estra's Gadget Shoppe.
  4133 | D        | Found Gasoado's Book Shop.
  4133 | D        | Found Zoyzxo's Gadget Boutique.
  4135 | D        | Found Twail's Assorted Antiques.
  4135 | D        | Found Thrauroa's Distillery.
  4135 | D        | Found Cocul's Food Shoppe.
  4135 | D        | Found Doojottece's Food Boutique.
  4135 | D        | Found Asoepnem's General Store.
  4135 | D        | Found Cloeg's Jewellery Shop.
  4135 | D        | Found Syrhumm's Antique Weapon Shoppe.
  4135 | D        | Found Kagigung's Armour Boutique.
  4136 | D        | Found Arphiuxkuwn's Magic Scroll Emporium.
  4136 | D        | Found Uwaara's Antique Armour Boutique.
  4137 | D        | Found Kauduam's Weapon Emporium.
  4139 | D        | Bought a beef jerky for 21 gold pieces
  4146 | D        | Killed an unseen horror
  4146 | D        | Reached skill level 22 in Fighting
  4150 | D        | Bought a potion of restore abilities for 33 gold pieces
  4298 | D        | Bought a bread ration for 70 gold pieces
  4298 | D        | Bought a bread ration for 70 gold pieces
  4298 | D        | Bought a bread ration for 70 gold pieces
  4298 | D        | Bought a meat ration for 70 gold pieces
  4298 | D        | Bought a beef jerky for 21 gold pieces
  4298 | D        | Bought a royal jelly for 28 gold pieces
  4363 | D        | Bought an uncursed ring of poison resistance for 240 gold pieces
  4370 | D        | Bought a crude cloak for 256 gold pieces
  4373 | D        | Identified the cursed -2 cloak of the Cuttlefish {rElec rF+ SInv} (You bought it in a shop in the Dungeon)
  4374 | D        | Bought a wand of teleportation (4) for 288 gold pieces
  4499 | D        | Found Anorur's Magic Scroll Boutique.
  4508 | D        | Bought a scroll of blinking for 82 gold pieces
  4510 | D        | Noticed a shining eye
  4510 | D        | Noticed a shining eye
  4510 | D        | Gained mutation: Armour fits poorly on your strangely shaped body. [a shining eye]
  4511 | D        | Noticed a shining eye
  4511 | D        | Noticed a shining eye
  4511 | D        | Noticed a shining eye
  4511 | D        | Noticed a shining eye
  4512 | D        | Gained mutation: You are frail (-10% HP). [a shining eye]
  4513 | D        | Gained mutation: You are clumsy. (Dex -2) [a shining eye]
  4515 | D        | Gained mutation: You have difficulty communicating with the divine. [a shining eye]
  4515 | D        | Gained mutation: You heal slowly when monsters are visible. [a shining eye]
  4515 | D        | Lost mutation: Your magical capacity is low (-10% MP). [a shining eye]
  4515 | D        | Paralysed by a giant eyeball for 4 turns
  4517 | D        | Killed a shining eye
  4518 | D        | Lost mutation: You have difficulty communicating with the divine. [a shining eye]
  4521 | D        | Killed a shining eye
  4521 | D        | Gained mutation: You tend to lose your temper in combat. [a shining eye]
  4522 | D        | Killed a shining eye
  4522 | D        | Gained mutation: Your body is slowly deteriorating. [a shining eye]
  4522 | D        | Paralysed by a giant eyeball for 2 turns
  4524 | D        | Gained mutation: You have a fast metabolism. [a shining eye]
  4526 | D        | Killed a shining eye
  4528 | D        | Lost mutation: You have a fast metabolism. [a shining eye]
  4529 | D        | Paralysed by a giant eyeball for 4 turns
  4530 | D        | Killed a shining eye
  4530 | D        | Gained mutation: Your vision is a little blurry. [a shining eye]
  4532 | D        | Killed a shining eye
  4534 | D        | Noticed a shining eye
  4535 | D        | Noticed a shining eye
  4535 | D        | Gained mutation: You are very clumsy. (Dex -4) [a shining eye]
  4541 | D        | Killed a shining eye
  4541 | D        | Received a gift from Trog
  4542 | D        | Killed a shining eye
  4553 | D        | Found Bracwa Joli's Book Shoppe.
  4553 | D        | Found Leov's Antique Weapon Boutique.
  4553 | D        | Found Bahusieh's Antique Armour Emporium.
  4554 | D        | Found Phug's Magic Scroll Shop.
  4624 | D        | Bought 2 scrolls of blinking for 165 gold pieces
  4624 | D        | Bought a potion of curing for 22 gold pieces
  4627 | D        | Bought a jewelled eveningstar for 560 gold pieces
  4628 | D        | Identified the +7,+8 eveningstar "Riggeub" {flame, MR+} (You bought it in a shop in the Dungeon)
  4745 | D        | Killed a shadow dragon
  4752 | D        | Killed a golden dragon
  4752 | D        | Reached skill level 23 in Fighting
  5010 | D        | Found Qatus' Book Shoppe.
  5056 | D        | Noticed a yellow wasp
  5056 | D        | Noticed a yellow wasp
  5057 | D        | Noticed a yellow wasp
  5057 | D        | Noticed a yellow wasp
  5067 | D        | Killed a yellow wasp
  5069 | D        | Killed a yellow wasp
  5071 | D        | Killed a yellow wasp
  5073 | D        | Killed a yellow wasp
  5336 | D        | Noticed an oklob plant
  5336 | D        | Noticed a mummy priest
  5532 | D        | Noticed the 27-headed Lernaean hydra
  5542 | D        | Killed the 27-headed Lernaean hydra
  5542 | D        | Reached XP level 13. HP: 78/130 MP: 5/5
  5863 | D        | Noticed a deep elf master archer
  6006 | D        | Killed a deep elf master archer
  6147 | D        | Noticed Lom Lobon
  6171 | D        | Killed Lom Lobon
  6171 | D        | Reached skill level 24 in Fighting
  6596 | D        | Got the Orb of Zot
  6597 | D        | Noticed Tiamat
  6602 | D        | Noticed an Orb Guardian
  6609 | D        | Killed an Orb Guardian
  6672 | D        | Noticed a Shadow Fiend
  6679 | D        | Slain by a Shadow Fiend

Action                   |  1- 3 |  4- 6 |  7- 9 | 10-12 | 13-15 || total
-------------------------+-------+-------+-------+-------+-------++-------
Melee: Mace              |    10 |    17 |    67 |     4 |       ||    98
       Morningstar       |       |       |       |   177 |       ||   177
       Eveningstar       |       |       |       |    29 |    19 ||    48
Invok: Berserk           |     1 |     3 |     4 |     5 |     1 ||    14
       Brothers in Arms  |       |       |     2 |    10 |     2 ||    14
  Use: Potion            |       |       |     1 |     6 |     3 ||    10
       Scroll            |       |       |       |     7 |     1 ||     8
 Stab: Sleeping          |       |     1 |       |       |       ||     1
